Workbook

Sheet Debts
B1: Multi-debt payoff planner
B2: Up to 5 debts, rolling minimums, extra payment. Priority 1-5: the lowest number gets every spare dollar. Rank by APR for avalanche, by balance for snowball.
B3: From Quiet Zeros — free, private calculators. Green cells are inputs; everything else recalculates.
B4: Inputs
C5: Balance | D5: APR | E5: Minimum | F5: Priority
B6: Debt 1 | C6: 6500 | D6: 0.24 | E6: 130 | F6: 2
B7: Debt 2 | C7: 14000 | D7: 0.075 | E7: 280 | F7: 3
B8: Debt 3 | C8: 2100 | D8: 0.29 | E8: 60 | F8: 1
B9: Debt 4 | C9: 0 | D9: 0 | E9: 0 | F9: 4
B10: Debt 5 | C10: 0 | D10: 0 | E10: 0 | F10: 5
B12: Extra per month | C12: 300
B13: Monthly budget (mins + extra) | C13: =SUM(E6:E10)+C12

Sheet Schedule
A1: Month | B1: D1 bal | C1: D1 int | D1: D2 bal | E1: D2 int | F1: D3 bal | G1: D3 int | H1: D4 bal | I1: D4 int | J1: D5 bal | K1: D5 int | L1: Total
A2: 0 | B2: =Debts!C6 | D2: =Debts!C7 | F2: =Debts!C8 | H2: =Debts!C9 | J2: =Debts!C10 | L2: =B2+D2+F2+H2+J2
A3: 1 | B3: =IF(B2<=0.005,0,MAX(0,B2+C3-(MIN(B2+C3,MIN(Debts!$E$6,B2)+IF(Debts!$F$6=$O3,MAX(0,$N3),0))))) | C3: =IF(B2>0.005,B2*Debts!$D$6/12,0) | D3: =IF(D2<=0.005,0,MAX(0,D2+E3-(MIN(D2+E3,MIN(Debts!$E$7,D2)+IF(Debts!$F$7=$O3,MAX(0,$N3),0))))) | E3: =IF(D2>0.005,D2*Debts!$D$7/12,0) | F3: =IF(F2<=0.005,0,MAX(0,F2+G3-(MIN(F2+G3,MIN(Debts!$E$8,F2)+IF(Debts!$F$8=$O3,MAX(0,$N3),0))))) | G3: =IF(F2>0.005,F2*Debts!$D$8/12,0) | H3: =IF(H2<=0.005,0,MAX(0,H2+I3-(MIN(H2+I3,MIN(Debts!$E$9,H2)+IF(Debts!$F$9=$O3,MAX(0,$N3),0))))) | I3: =IF(H2>0.005,H2*Debts!$D$9/12,0) | J3: =IF(J2<=0.005,0,MAX(0,J2+K3-(MIN(J2+K3,MIN(Debts!$E$10,J2)+IF(Debts!$F$10=$O3,MAX(0,$N3),0))))) | K3: =IF(J2>0.005,J2*Debts!$D$10/12,0) | L3: =B3+D3+F3+H3+J3 | N3: =Debts!$C$13-(IF(B2>0.005,MIN(Debts!$E$6,B2),0)+IF(D2>0.005,MIN(Debts!$E$7,D2),0)+IF(F2>0.005,MIN(Debts!$E$8,F2),0)+IF(H2>0.005,MIN(Debts!$E$9,H2),0)+IF(J2>0.005,MIN(Debts!$E$10,J2),0)) | O3: =MIN(IF(B2>0.005,Debts!$F$6,99),IF(D2>0.005,Debts!$F$7,99),IF(F2>0.005,Debts!$F$8,99),IF(H2>0.005,Debts!$F$9,99),IF(J2>0.005,Debts!$F$10,99))
A4: 2 | B4: =IF(B3<=0.005,0,MAX(0,B3+C4-(MIN(B3+C4,MIN(Debts!$E$6,B3)+IF(Debts!$F$6=$O4,MAX(0,$N4),0))))) | C4: =IF(B3>0.005,B3*Debts!$D$6/12,0) | D4: =IF(D3<=0.005,0,MAX(0,D3+E4-(MIN(D3+E4,MIN(Debts!$E$7,D3)+IF(Debts!$F$7=$O4,MAX(0,$N4),0))))) | E4: =IF(D3>0.005,D3*Debts!$D$7/12,0) | F4: =IF(F3<=0.005,0,MAX(0,F3+G4-(MIN(F3+G4,MIN(Debts!$E$8,F3)+IF(Debts!$F$8=$O4,MAX(0,$N4),0))))) | G4: =IF(F3>0.005,F3*Debts!$D$8/12,0) | H4: =IF(H3<=0.005,0,MAX(0,H3+I4-(MIN(H3+I4,MIN(Debts!$E$9,H3)+IF(Debts!$F$9=$O4,MAX(0,$N4),0))))) | I4: =IF(H3>0.005,H3*Debts!$D$9/12,0) | J4: =IF(J3<=0.005,0,MAX(0,J3+K4-(MIN(J3+K4,MIN(Debts!$E$10,J3)+IF(Debts!$F$10=$O4,MAX(0,$N4),0))))) | K4: =IF(J3>0.005,J3*Debts!$D$10/12,0) | L4: =B4+D4+F4+H4+J4 | N4: =Debts!$C$13-(IF(B3>0.005,MIN(Debts!$E$6,B3),0)+IF(D3>0.005,MIN(Debts!$E$7,D3),0)+IF(F3>0.005,MIN(Debts!$E$8,F3),0)+IF(H3>0.005,MIN(Debts!$E$9,H3),0)+IF(J3>0.005,MIN(Debts!$E$10,J3),0)) | O4: =MIN(IF(B3>0.005,Debts!$F$6,99),IF(D3>0.005,Debts!$F$7,99),IF(F3>0.005,Debts!$F$8,99),IF(H3>0.005,Debts!$F$9,99),IF(J3>0.005,Debts!$F$10,99))
A5: 3 | B5: =IF(B4<=0.005,0,MAX(0,B4+C5-(MIN(B4+C5,MIN(Debts!$E$6,B4)+IF(Debts!$F$6=$O5,MAX(0,$N5),0))))) | C5: =IF(B4>0.005,B4*Debts!$D$6/12,0) | D5: =IF(D4<=0.005,0,MAX(0,D4+E5-(MIN(D4+E5,MIN(Debts!$E$7,D4)+IF(Debts!$F$7=$O5,MAX(0,$N5),0))))) | E5: =IF(D4>0.005,D4*Debts!$D$7/12,0) | F5: =IF(F4<=0.005,0,MAX(0,F4+G5-(MIN(F4+G5,MIN(Debts!$E$8,F4)+IF(Debts!$F$8=$O5,MAX(0,$N5),0))))) | G5: =IF(F4>0.005,F4*Debts!$D$8/12,0) | H5: =IF(H4<=0.005,0,MAX(0,H4+I5-(MIN(H4+I5,MIN(Debts!$E$9,H4)+IF(Debts!$F$9=$O5,MAX(0,$N5),0))))) | I5: =IF(H4>0.005,H4*Debts!$D$9/12,0) | J5: =IF(J4<=0.005,0,MAX(0,J4+K5-(MIN(J4+K5,MIN(Debts!$E$10,J4)+IF(Debts!$F$10=$O5,MAX(0,$N5),0))))) | K5: =IF(J4>0.005,J4*Debts!$D$10/12,0) | L5: =B5+D5+F5+H5+J5 | N5: =Debts!$C$13-(IF(B4>0.005,MIN(Debts!$E$6,B4),0)+IF(D4>0.005,MIN(Debts!$E$7,D4),0)+IF(F4>0.005,MIN(Debts!$E$8,F4),0)+IF(H4>0.005,MIN(Debts!$E$9,H4),0)+IF(J4>0.005,MIN(Debts!$E$10,J4),0)) | O5: =MIN(IF(B4>0.005,Debts!$F$6,99),IF(D4>0.005,Debts!$F$7,99),IF(F4>0.005,Debts!$F$8,99),IF(H4>0.005,Debts!$F$9,99),IF(J4>0.005,Debts!$F$10,99))
A6: 4 | B6: =IF(B5<=0.005,0,MAX(0,B5+C6-(MIN(B5+C6,MIN(Debts!$E$6,B5)+IF(Debts!$F$6=$O6,MAX(0,$N6),0))))) | C6: =IF(B5>0.005,B5*Debts!$D$6/12,0) | D6: =IF(D5<=0.005,0,MAX(0,D5+E6-(MIN(D5+E6,MIN(Debts!$E$7,D5)+IF(Debts!$F$7=$O6,MAX(0,$N6),0))))) | E6: =IF(D5>0.005,D5*Debts!$D$7/12,0) | F6: =IF(F5<=0.005,0,MAX(0,F5+G6-(MIN(F5+G6,MIN(Debts!$E$8,F5)+IF(Debts!$F$8=$O6,MAX(0,$N6),0))))) | G6: =IF(F5>0.005,F5*Debts!$D$8/12,0) | H6: =IF(H5<=0.005,0,MAX(0,H5+I6-(MIN(H5+I6,MIN(Debts!$E$9,H5)+IF(Debts!$F$9=$O6,MAX(0,$N6),0))))) | I6: =IF(H5>0.005,H5*Debts!$D$9/12,0) | J6: =IF(J5<=0.005,0,MAX(0,J5+K6-(MIN(J5+K6,MIN(Debts!$E$10,J5)+IF(Debts!$F$10=$O6,MAX(0,$N6),0))))) | K6: =IF(J5>0.005,J5*Debts!$D$10/12,0) | L6: =B6+D6+F6+H6+J6 | N6: =Debts!$C$13-(IF(B5>0.005,MIN(Debts!$E$6,B5),0)+IF(D5>0.005,MIN(Debts!$E$7,D5),0)+IF(F5>0.005,MIN(Debts!$E$8,F5),0)+IF(H5>0.005,MIN(Debts!$E$9,H5),0)+IF(J5>0.005,MIN(Debts!$E$10,J5),0)) | O6: =MIN(IF(B5>0.005,Debts!$F$6,99),IF(D5>0.005,Debts!$F$7,99),IF(F5>0.005,Debts!$F$8,99),IF(H5>0.005,Debts!$F$9,99),IF(J5>0.005,Debts!$F$10,99))
A7: 5 | B7: =IF(B6<=0.005,0,MAX(0,B6+C7-(MIN(B6+C7,MIN(Debts!$E$6,B6)+IF(Debts!$F$6=$O7,MAX(0,$N7),0))))) | C7: =IF(B6>0.005,B6*Debts!$D$6/12,0) | D7: =IF(D6<=0.005,0,MAX(0,D6+E7-(MIN(D6+E7,MIN(Debts!$E$7,D6)+IF(Debts!$F$7=$O7,MAX(0,$N7),0))))) | E7: =IF(D6>0.005,D6*Debts!$D$7/12,0) | F7: =IF(F6<=0.005,0,MAX(0,F6+G7-(MIN(F6+G7,MIN(Debts!$E$8,F6)+IF(Debts!$F$8=$O7,MAX(0,$N7),0))))) | G7: =IF(F6>0.005,F6*Debts!$D$8/12,0) | H7: =IF(H6<=0.005,0,MAX(0,H6+I7-(MIN(H6+I7,MIN(Debts!$E$9,H6)+IF(Debts!$F$9=$O7,MAX(0,$N7),0))))) | I7: =IF(H6>0.005,H6*Debts!$D$9/12,0) | J7: =IF(J6<=0.005,0,MAX(0,J6+K7-(MIN(J6+K7,MIN(Debts!$E$10,J6)+IF(Debts!$F$10=$O7,MAX(0,$N7),0))))) | K7: =IF(J6>0.005,J6*Debts!$D$10/12,0) | L7: =B7+D7+F7+H7+J7 | N7: =Debts!$C$13-(IF(B6>0.005,MIN(Debts!$E$6,B6),0)+IF(D6>0.005,MIN(Debts!$E$7,D6),0)+IF(F6>0.005,MIN(Debts!$E$8,F6),0)+IF(H6>0.005,MIN(Debts!$E$9,H6),0)+IF(J6>0.005,MIN(Debts!$E$10,J6),0)) | O7: =MIN(IF(B6>0.005,Debts!$F$6,99),IF(D6>0.005,Debts!$F$7,99),IF(F6>0.005,Debts!$F$8,99),IF(H6>0.005,Debts!$F$9,99),IF(J6>0.005,Debts!$F$10,99))
A8: 6 | B8: =IF(B7<=0.005,0,MAX(0,B7+C8-(MIN(B7+C8,MIN(Debts!$E$6,B7)+IF(Debts!$F$6=$O8,MAX(0,$N8),0))))) | C8: =IF(B7>0.005,B7*Debts!$D$6/12,0) | D8: =IF(D7<=0.005,0,MAX(0,D7+E8-(MIN(D7+E8,MIN(Debts!$E$7,D7)+IF(Debts!$F$7=$O8,MAX(0,$N8),0))))) | E8: =IF(D7>0.005,D7*Debts!$D$7/12,0) | F8: =IF(F7<=0.005,0,MAX(0,F7+G8-(MIN(F7+G8,MIN(Debts!$E$8,F7)+IF(Debts!$F$8=$O8,MAX(0,$N8),0))))) | G8: =IF(F7>0.005,F7*Debts!$D$8/12,0) | H8: =IF(H7<=0.005,0,MAX(0,H7+I8-(MIN(H7+I8,MIN(Debts!$E$9,H7)+IF(Debts!$F$9=$O8,MAX(0,$N8),0))))) | I8: =IF(H7>0.005,H7*Debts!$D$9/12,0) | J8: =IF(J7<=0.005,0,MAX(0,J7+K8-(MIN(J7+K8,MIN(Debts!$E$10,J7)+IF(Debts!$F$10=$O8,MAX(0,$N8),0))))) | K8: =IF(J7>0.005,J7*Debts!$D$10/12,0) | L8: =B8+D8+F8+H8+J8 | N8: =Debts!$C$13-(IF(B7>0.005,MIN(Debts!$E$6,B7),0)+IF(D7>0.005,MIN(Debts!$E$7,D7),0)+IF(F7>0.005,MIN(Debts!$E$8,F7),0)+IF(H7>0.005,MIN(Debts!$E$9,H7),0)+IF(J7>0.005,MIN(Debts!$E$10,J7),0)) | O8: =MIN(IF(B7>0.005,Debts!$F$6,99),IF(D7>0.005,Debts!$F$7,99),IF(F7>0.005,Debts!$F$8,99),IF(H7>0.005,Debts!$F$9,99),IF(J7>0.005,Debts!$F$10,99))
A9: 7 | B9: =IF(B8<=0.005,0,MAX(0,B8+C9-(MIN(B8+C9,MIN(Debts!$E$6,B8)+IF(Debts!$F$6=$O9,MAX(0,$N9),0))))) | C9: =IF(B8>0.005,B8*Debts!$D$6/12,0) | D9: =IF(D8<=0.005,0,MAX(0,D8+E9-(MIN(D8+E9,MIN(Debts!$E$7,D8)+IF(Debts!$F$7=$O9,MAX(0,$N9),0))))) | E9: =IF(D8>0.005,D8*Debts!$D$7/12,0) | F9: =IF(F8<=0.005,0,MAX(0,F8+G9-(MIN(F8+G9,MIN(Debts!$E$8,F8)+IF(Debts!$F$8=$O9,MAX(0,$N9),0))))) | G9: =IF(F8>0.005,F8*Debts!$D$8/12,0) | H9: =IF(H8<=0.005,0,MAX(0,H8+I9-(MIN(H8+I9,MIN(Debts!$E$9,H8)+IF(Debts!$F$9=$O9,MAX(0,$N9),0))))) | I9: =IF(H8>0.005,H8*Debts!$D$9/12,0) | J9: =IF(J8<=0.005,0,MAX(0,J8+K9-(MIN(J8+K9,MIN(Debts!$E$10,J8)+IF(Debts!$F$10=$O9,MAX(0,$N9),0))))) | K9: =IF(J8>0.005,J8*Debts!$D$10/12,0) | L9: =B9+D9+F9+H9+J9 | N9: =Debts!$C$13-(IF(B8>0.005,MIN(Debts!$E$6,B8),0)+IF(D8>0.005,MIN(Debts!$E$7,D8),0)+IF(F8>0.005,MIN(Debts!$E$8,F8),0)+IF(H8>0.005,MIN(Debts!$E$9,H8),0)+IF(J8>0.005,MIN(Debts!$E$10,J8),0)) | O9: =MIN(IF(B8>0.005,Debts!$F$6,99),IF(D8>0.005,Debts!$F$7,99),IF(F8>0.005,Debts!$F$8,99),IF(H8>0.005,Debts!$F$9,99),IF(J8>0.005,Debts!$F$10,99))
A10: 8 | B10: =IF(B9<=0.005,0,MAX(0,B9+C10-(MIN(B9+C10,MIN(Debts!$E$6,B9)+IF(Debts!$F$6=$O10,MAX(0,$N10),0))))) | C10: =IF(B9>0.005,B9*Debts!$D$6/12,0) | D10: =IF(D9<=0.005,0,MAX(0,D9+E10-(MIN(D9+E10,MIN(Debts!$E$7,D9)+IF(Debts!$F$7=$O10,MAX(0,$N10),0))))) | E10: =IF(D9>0.005,D9*Debts!$D$7/12,0) | F10: =IF(F9<=0.005,0,MAX(0,F9+G10-(MIN(F9+G10,MIN(Debts!$E$8,F9)+IF(Debts!$F$8=$O10,MAX(0,$N10),0))))) | G10: =IF(F9>0.005,F9*Debts!$D$8/12,0) | H10: =IF(H9<=0.005,0,MAX(0,H9+I10-(MIN(H9+I10,MIN(Debts!$E$9,H9)+IF(Debts!$F$9=$O10,MAX(0,$N10),0))))) | I10: =IF(H9>0.005,H9*Debts!$D$9/12,0) | J10: =IF(J9<=0.005,0,MAX(0,J9+K10-(MIN(J9+K10,MIN(Debts!$E$10,J9)+IF(Debts!$F$10=$O10,MAX(0,$N10),0))))) | K10: =IF(J9>0.005,J9*Debts!$D$10/12,0) | L10: =B10+D10+F10+H10+J10 | N10: =Debts!$C$13-(IF(B9>0.005,MIN(Debts!$E$6,B9),0)+IF(D9>0.005,MIN(Debts!$E$7,D9),0)+IF(F9>0.005,MIN(Debts!$E$8,F9),0)+IF(H9>0.005,MIN(Debts!$E$9,H9),0)+IF(J9>0.005,MIN(Debts!$E$10,J9),0)) | O10: =MIN(IF(B9>0.005,Debts!$F$6,99),IF(D9>0.005,Debts!$F$7,99),IF(F9>0.005,Debts!$F$8,99),IF(H9>0.005,Debts!$F$9,99),IF(J9>0.005,Debts!$F$10,99))
A11: 9 | B11: =IF(B10<=0.005,0,MAX(0,B10+C11-(MIN(B10+C11,MIN(Debts!$E$6,B10)+IF(Debts!$F$6=$O11,MAX(0,$N11),0))))) | C11: =IF(B10>0.005,B10*Debts!$D$6/12,0) | D11: =IF(D10<=0.005,0,MAX(0,D10+E11-(MIN(D10+E11,MIN(Debts!$E$7,D10)+IF(Debts!$F$7=$O11,MAX(0,$N11),0))))) | E11: =IF(D10>0.005,D10*Debts!$D$7/12,0) | F11: =IF(F10<=0.005,0,MAX(0,F10+G11-(MIN(F10+G11,MIN(Debts!$E$8,F10)+IF(Debts!$F$8=$O11,MAX(0,$N11),0))))) | G11: =IF(F10>0.005,F10*Debts!$D$8/12,0) | H11: =IF(H10<=0.005,0,MAX(0,H10+I11-(MIN(H10+I11,MIN(Debts!$E$9,H10)+IF(Debts!$F$9=$O11,MAX(0,$N11),0))))) | I11: =IF(H10>0.005,H10*Debts!$D$9/12,0) | J11: =IF(J10<=0.005,0,MAX(0,J10+K11-(MIN(J10+K11,MIN(Debts!$E$10,J10)+IF(Debts!$F$10=$O11,MAX(0,$N11),0))))) | K11: =IF(J10>0.005,J10*Debts!$D$10/12,0) | L11: =B11+D11+F11+H11+J11 | N11: =Debts!$C$13-(IF(B10>0.005,MIN(Debts!$E$6,B10),0)+IF(D10>0.005,MIN(Debts!$E$7,D10),0)+IF(F10>0.005,MIN(Debts!$E$8,F10),0)+IF(H10>0.005,MIN(Debts!$E$9,H10),0)+IF(J10>0.005,MIN(Debts!$E$10,J10),0)) | O11: =MIN(IF(B10>0.005,Debts!$F$6,99),IF(D10>0.005,Debts!$F$7,99),IF(F10>0.005,Debts!$F$8,99),IF(H10>0.005,Debts!$F$9,99),IF(J10>0.005,Debts!$F$10,99))
A12: 10 | B12: =IF(B11<=0.005,0,MAX(0,B11+C12-(MIN(B11+C12,MIN(Debts!$E$6,B11)+IF(Debts!$F$6=$O12,MAX(0,$N12),0))))) | C12: =IF(B11>0.005,B11*Debts!$D$6/12,0) | D12: =IF(D11<=0.005,0,MAX(0,D11+E12-(MIN(D11+E12,MIN(Debts!$E$7,D11)+IF(Debts!$F$7=$O12,MAX(0,$N12),0))))) | E12: =IF(D11>0.005,D11*Debts!$D$7/12,0) | F12: =IF(F11<=0.005,0,MAX(0,F11+G12-(MIN(F11+G12,MIN(Debts!$E$8,F11)+IF(Debts!$F$8=$O12,MAX(0,$N12),0))))) | G12: =IF(F11>0.005,F11*Debts!$D$8/12,0) | H12: =IF(H11<=0.005,0,MAX(0,H11+I12-(MIN(H11+I12,MIN(Debts!$E$9,H11)+IF(Debts!$F$9=$O12,MAX(0,$N12),0))))) | I12: =IF(H11>0.005,H11*Debts!$D$9/12,0) | J12: =IF(J11<=0.005,0,MAX(0,J11+K12-(MIN(J11+K12,MIN(Debts!$E$10,J11)+IF(Debts!$F$10=$O12,MAX(0,$N12),0))))) | K12: =IF(J11>0.005,J11*Debts!$D$10/12,0) | L12: =B12+D12+F12+H12+J12 | N12: =Debts!$C$13-(IF(B11>0.005,MIN(Debts!$E$6,B11),0)+IF(D11>0.005,MIN(Debts!$E$7,D11),0)+IF(F11>0.005,MIN(Debts!$E$8,F11),0)+IF(H11>0.005,MIN(Debts!$E$9,H11),0)+IF(J11>0.005,MIN(Debts!$E$10,J11),0)) | O12: =MIN(IF(B11>0.005,Debts!$F$6,99),IF(D11>0.005,Debts!$F$7,99),IF(F11>0.005,Debts!$F$8,99),IF(H11>0.005,Debts!$F$9,99),IF(J11>0.005,Debts!$F$10,99))
A13: 11 | B13: =IF(B12<=0.005,0,MAX(0,B12+C13-(MIN(B12+C13,MIN(Debts!$E$6,B12)+IF(Debts!$F$6=$O13,MAX(0,$N13),0))))) | C13: =IF(B12>0.005,B12*Debts!$D$6/12,0) | D13: =IF(D12<=0.005,0,MAX(0,D12+E13-(MIN(D12+E13,MIN(Debts!$E$7,D12)+IF(Debts!$F$7=$O13,MAX(0,$N13),0))))) | E13: =IF(D12>0.005,D12*Debts!$D$7/12,0) | F13: =IF(F12<=0.005,0,MAX(0,F12+G13-(MIN(F12+G13,MIN(Debts!$E$8,F12)+IF(Debts!$F$8=$O13,MAX(0,$N13),0))))) | G13: =IF(F12>0.005,F12*Debts!$D$8/12,0) | H13: =IF(H12<=0.005,0,MAX(0,H12+I13-(MIN(H12+I13,MIN(Debts!$E$9,H12)+IF(Debts!$F$9=$O13,MAX(0,$N13),0))))) | I13: =IF(H12>0.005,H12*Debts!$D$9/12,0) | J13: =IF(J12<=0.005,0,MAX(0,J12+K13-(MIN(J12+K13,MIN(Debts!$E$10,J12)+IF(Debts!$F$10=$O13,MAX(0,$N13),0))))) | K13: =IF(J12>0.005,J12*Debts!$D$10/12,0) | L13: =B13+D13+F13+H13+J13 | N13: =Debts!$C$13-(IF(B12>0.005,MIN(Debts!$E$6,B12),0)+IF(D12>0.005,MIN(Debts!$E$7,D12),0)+IF(F12>0.005,MIN(Debts!$E$8,F12),0)+IF(H12>0.005,MIN(Debts!$E$9,H12),0)+IF(J12>0.005,MIN(Debts!$E$10,J12),0)) | O13: =MIN(IF(B12>0.005,Debts!$F$6,99),IF(D12>0.005,Debts!$F$7,99),IF(F12>0.005,Debts!$F$8,99),IF(H12>0.005,Debts!$F$9,99),IF(J12>0.005,Debts!$F$10,99))
A14: 12 | B14: =IF(B13<=0.005,0,MAX(0,B13+C14-(MIN(B13+C14,MIN(Debts!$E$6,B13)+IF(Debts!$F$6=$O14,MAX(0,$N14),0))))) | C14: =IF(B13>0.005,B13*Debts!$D$6/12,0) | D14: =IF(D13<=0.005,0,MAX(0,D13+E14-(MIN(D13+E14,MIN(Debts!$E$7,D13)+IF(Debts!$F$7=$O14,MAX(0,$N14),0))))) | E14: =IF(D13>0.005,D13*Debts!$D$7/12,0) | F14: =IF(F13<=0.005,0,MAX(0,F13+G14-(MIN(F13+G14,MIN(Debts!$E$8,F13)+IF(Debts!$F$8=$O14,MAX(0,$N14),0))))) | G14: =IF(F13>0.005,F13*Debts!$D$8/12,0) | H14: =IF(H13<=0.005,0,MAX(0,H13+I14-(MIN(H13+I14,MIN(Debts!$E$9,H13)+IF(Debts!$F$9=$O14,MAX(0,$N14),0))))) | I14: =IF(H13>0.005,H13*Debts!$D$9/12,0) | J14: =IF(J13<=0.005,0,MAX(0,J13+K14-(MIN(J13+K14,MIN(Debts!$E$10,J13)+IF(Debts!$F$10=$O14,MAX(0,$N14),0))))) | K14: =IF(J13>0.005,J13*Debts!$D$10/12,0) | L14: =B14+D14+F14+H14+J14 | N14: =Debts!$C$13-(IF(B13>0.005,MIN(Debts!$E$6,B13),0)+IF(D13>0.005,MIN(Debts!$E$7,D13),0)+IF(F13>0.005,MIN(Debts!$E$8,F13),0)+IF(H13>0.005,MIN(Debts!$E$9,H13),0)+IF(J13>0.005,MIN(Debts!$E$10,J13),0)) | O14: =MIN(IF(B13>0.005,Debts!$F$6,99),IF(D13>0.005,Debts!$F$7,99),IF(F13>0.005,Debts!$F$8,99),IF(H13>0.005,Debts!$F$9,99),IF(J13>0.005,Debts!$F$10,99))
... A362: 360 | B362: =IF(B361<=0.005,0,MAX(0,B361+C362-(MIN(B361+C362,MIN(Debts!$E$6,B361)+IF(Debts!$F$6=$O362,MAX(0,$N362),0))))) | C362: =IF(B361>0.005,B361*Debts!$D$6/12,0) | D362: =IF(D361<=0.005,0,MAX(0,D361+E362-(MIN(D361+E362,MIN(Debts!$E$7,D361)+IF(Debts!$F$7=$O362,MAX(0,$N362),0))))) | E362: =IF(D361>0.005,D361*Debts!$D$7/12,0) | F362: =IF(F361<=0.005,0,MAX(0,F361+G362-(MIN(F361+G362,MIN(Debts!$E$8,F361)+IF(Debts!$F$8=$O362,MAX(0,$N362),0))))) | G362: =IF(F361>0.005,F361*Debts!$D$8/12,0) | H362: =IF(H361<=0.005,0,MAX(0,H361+I362-(MIN(H361+I362,MIN(Debts!$E$9,H361)+IF(Debts!$F$9=$O362,MAX(0,$N362),0))))) | I362: =IF(H361>0.005,H361*Debts!$D$9/12,0) | J362: =IF(J361<=0.005,0,MAX(0,J361+K362-(MIN(J361+K362,MIN(Debts!$E$10,J361)+IF(Debts!$F$10=$O362,MAX(0,$N362),0))))) | K362: =IF(J361>0.005,J361*Debts!$D$10/12,0) | L362: =B362+D362+F362+H362+J362 | N362: =Debts!$C$13-(IF(B361>0.005,MIN(Debts!$E$6,B361),0)+IF(D361>0.005,MIN(Debts!$E$7,D361),0)+IF(F361>0.005,MIN(Debts!$E$8,F361),0)+IF(H361>0.005,MIN(Debts!$E$9,H361),0)+IF(J361>0.005,MIN(Debts!$E$10,J361),0)) | O362: =MIN(IF(B361>0.005,Debts!$F$6,99),IF(D361>0.005,Debts!$F$7,99),IF(F361>0.005,Debts!$F$8,99),IF(H361>0.005,Debts!$F$9,99),IF(J361>0.005,Debts!$F$10,99))
